[Event "10th Iberoamericano-ch 2024"]
[Site "Linares"]
[Date "2024.09.25"]
[Round "1.32"]
[White "Portero Rubio, Martin"]
[Black "Garcia, Jhoel"]
[Result "0-1"]
[ECO "B81"]
[WhiteElo "2043"]
[BlackElo "2360"]
[Annotator "RC"]
[PlyCount "84"]
[EventDate "2024.09.25"]
[EventType "swiss"]
[EventCountry "ESP"]
[SourceTitle "playchess.com"]
[Source "ChessBase"]
[SourceQuality "1"]
[TimeControl "5400+30"]

1. e4 c5 2. Nf3 e6 3. d4 cxd4 4. Nxd4 Nf6 5. Nc3 d6 6. g4 h6 7. h4 Nc6 8. Bg2 Nxd4 9. Qxd4 Nxg4 10. f3 Ne5 11. Be3 Bd7 12. O-O-O Rc8 13. f4 Nc4 14. Bf1 Nxe3 15. Qxe3 Qa5 16. Kb1 Be7 17. Qd4 Bf8 18. Bh3 Qc5 19. Qd2 Be7 20. Rhg1 Rc6 21. e5 d5 22. Rxg7 Rb6 23. Rg3 Qb4 24. b3 Bxh4 25. Rd3 Rc6 26. Kb2 Be7 27. Qe3 Qa5 28. Nxd5 Qa3+ 29. Kb1 exd5 30. Bxd7+ Kxd7 31. Rxd5+ Kc8 32. Rd7 Kb8 33. f5 Rhc8 34. c4 Rxc4 35. Rxe7 Rc2 36. Rxb7+ Kxb7 37. Qe4+ R2c6 38. e6 fxe6 39. fxe6 Kb6 40. Qe3+ Qc5 41. Qxc5+ Kxc5 42. e7 Re8 0-1

[Event "10th Iberoamericano-ch 2024"]
[Site "Linares"]
[Date "2024.09.25"]
[Round "1.33"]
[White "Sos Andreu, Eric"]
[Black "Follana Albelda, Lucia"]
[Result "1-0"]
[ECO "A15"]
[WhiteElo "2359"]
[BlackElo "2043"]
[Annotator "RC"]
[PlyCount "79"]
[EventDate "2024.09.25"]
[EventType "swiss"]
[EventCountry "ESP"]
[SourceTitle "playchess.com"]
[Source "ChessBase"]
[SourceQuality "1"]
[TimeControl "5400+30"]

1. Nf3 Nf6 2. c4 b6 3. g3 Bb7 4. Bg2 e6 5. O-O Be7 6. Nc3 Ne4 7. Nxe4 Bxe4 8. d3 Bb7 9. e4 d6 10. Re1 e5 11. d4 Nd7 12. b3 O-O 13. Bb2 Bf6 14. Qd2 a5 15. Rad1 Re8 16. dxe5 Nxe5 17. Nd4 Qb8 18. f4 Ng6 19. h4 h6 20. Nf5 Bxb2 21. Qxb2 f6 22. Qe2 Ne7 23. Nd4 Nc6 24. Nb5 a4 25. Qh5 Re7 26. Nc3 axb3 27. axb3 Na5 28. Nd5 Rf7 29. Rd3 Qa7 30. Kh2 Nc6 31. Re2 Qa5 32. Rdd2 Nb4 33. Qg6 Bxd5 34. cxd5 Qc5 35. Bh3 Raf8 36. Be6 Qc3 37. e5 dxe5 38. fxe5 Na6 39. Bf5 Rd8 40. e6 1-0

[Event "10th Iberoamericano-ch 2024"]
[Site "Linares"]
[Date "2024.09.25"]
[Round "1.34"]
[White "Guillo Longares, Cecilia"]
[Black "Garcia Fernandez, Victor"]
[Result "0-1"]
[ECO "D37"]
[WhiteElo "2036"]
[BlackElo "2353"]
[Annotator "RC"]
[PlyCount "84"]
[EventDate "2024.09.25"]
[EventType "swiss"]
[EventCountry "ESP"]
[SourceTitle "playchess.com"]
[Source "ChessBase"]
[SourceQuality "1"]
[TimeControl "5400+30"]

1. d4 Nf6 2. c4 e6 3. Nf3 d5 4. Nc3 dxc4 5. e3 a6 6. a4 Bb4 7. Bxc4 O-O 8. O-O b6 9. Qb3 Qe7 10. Ne5 Bb7 11. f4 Nc6 12. Na2 Bd6 13. Bd2 Ne4 14. Be1 Bxe5 15. dxe5 Qc5 16. Rc1 Na5 17. Qd3 Nxc4 18. Rxc4 Qd5 19. Qe2 c5 20. b4 b5 21. Rc1 bxa4 22. bxc5 a5 23. Rf3 Nxc5 24. Rh3 Rfd8 25. Qc2 Nd3 26. Nc3 Qb3 27. Bg3 h6 28. Qxb3 axb3 29. Rd1 Rac8 30. Bh4 Rd7 31. Na4 Rc1 32. Rxc1 Nxc1 33. e4 Rd3 34. Be1 Rxh3 35. gxh3 Bc6 36. Nb2 a4 37. Bb4 Ne2+ 38. Kf2 Nd4 39. Nc4 Nc2 40. Bc5 Bb5 41. Na3 b2 42. Nb1 Bd3 0-1

[Event "10th Iberoamericano-ch 2024"]
[Site "Linares"]
[Date "2024.09.25"]
[Round "1.35"]
[White "Jimenez Garcia, Emmanuel"]
[Black "Garcia Paolicchi, Raul"]
[Result "1-0"]
[ECO "A07"]
[WhiteElo "2352"]
[BlackElo "2034"]
[Annotator "RC"]
[PlyCount "69"]
[EventDate "2024.09.25"]
[EventType "swiss"]
[EventCountry "ESP"]
[SourceTitle "playchess.com"]
[Source "ChessBase"]
[SourceQuality "1"]
[TimeControl "5400+30"]

1. Nf3 d5 2. g3 Bg4 3. Bg2 c6 4. c4 e6 5. Qb3 Qb6 6. d4 Nd7 7. Nc3 Ngf6 8. h3 Bh5 9. O-O Be7 10. c5 Qa6 11. g4 Bg6 12. Nh4 O-O 13. Nxg6 hxg6 14. Bf4 b6 15. cxb6 axb6 16. e4 dxe4 17. Nxe4 Nd5 18. Bh2 N7f6 19. Nd2 Rac8 20. Qc4 Qa7 21. Nf3 Nd7 22. Rfc1 Rfd8 23. Bf1 b5 24. Qb3 Qb6 25. a4 b4 26. a5 Qa7 27. Qc4 Nb8 28. a6 Bd6 29. Bxd6 Rxd6 30. Ne5 Nd7 31. Bg2 Qb6 32. a7 Ra8 33. Nxc6 N7f6 34. Ne7+ Kh7 35. Nc8 1-0

[Event "10th Iberoamericano-ch 2024"]
[Site "Linares"]
[Date "2024.09.25"]
[Round "1.36"]
[White "Zapata Campos, Lidia Karen"]
[Black "Marin Ferragut, Pau"]
[Result "0-1"]
[ECO "B12"]
[WhiteElo "2029"]
[BlackElo "2348"]
[Annotator "RC"]
[PlyCount "56"]
[EventDate "2024.09.25"]
[EventType "swiss"]
[EventCountry "ESP"]
[SourceTitle "playchess.com"]
[Source "ChessBase"]
[SourceQuality "1"]
[TimeControl "5400+30"]

1. e4 c6 2. d4 d5 3. e5 c5 4. c3 Nc6 5. Nf3 cxd4 6. cxd4 Bg4 7. Be2 e6 8. Be3 Nge7 9. Nbd2 Nf5 10. O-O Be7 11. a3 O-O 12. b4 a5 13. b5 Nb8 14. a4 Nd7 15. Nb3 Nb6 16. Nc5 Bxf3 17. Bxf3 Bxc5 18. dxc5 Nxe3 19. fxe3 Nd7 20. e4 dxe4 21. Bxe4 Nxc5 22. Bxh7+ Kxh7 23. Qc2+ Nd3 24. Rad1 Qd4+ 25. Kh1 Rfd8 26. Rf3 Rac8 27. Qb1 Rc3 28. Rxf7 Rb3 0-1

[Event "10th Iberoamericano-ch 2024"]
[Site "Linares"]
[Date "2024.09.25"]
[Round "1.37"]
[White "Vitier Vazquez, Cristian"]
[Black "Perez Ruiz, Santiago"]
[Result "1-0"]
[ECO "E12"]
[WhiteElo "2344"]
[BlackElo "2025"]
[Annotator "RC"]
[PlyCount "66"]
[EventDate "2024.09.25"]
[EventType "swiss"]
[EventCountry "ESP"]
[SourceTitle "playchess.com"]
[Source "ChessBase"]
[SourceQuality "1"]
[TimeControl "5400+30"]

1. Nf3 Nf6 2. c4 e6 3. d4 b6 4. a3 Bb7 5. Nc3 Be7 6. d5 O-O 7. e4 d6 8. Be2 Nbd7 9. Nd4 exd5 10. cxd5 Nc5 11. f3 a5 12. O-O Re8 13. Bb5 Nfd7 14. Be3 Bg5 15. Bf2 Ba6 16. b4 Bxb5 17. Ncxb5 axb4 18. Nc6 Qc8 19. Nba7 Qb7 20. axb4 Na6 21. Qa4 Nab8 22. Qb5 Rf8 23. Bd4 Bf6 24. Qc4 Ne5 25. Bxe5 dxe5 26. Nxb8 Rfxb8 27. Nb5 Bd8 28. Rxa8 Rxa8 29. Rc1 Rc8 30. Nd6 Qa8 31. Nxc8 Qxc8 32. Qc6 Be7 33. d6 Bf8 1-0

[Event "10th Iberoamericano-ch 2024"]
[Site "Linares"]
[Date "2024.09.25"]
[Round "1.38"]
[White "Santos, Tomas Afonso Pires"]
[Black "Teran Alvarez, Ismael"]
[Result "1/2-1/2"]
[ECO "C11"]
[WhiteElo "2012"]
[BlackElo "2329"]
[Annotator "RC"]
[PlyCount "102"]
[EventDate "2024.09.25"]
[EventType "swiss"]
[EventCountry "ESP"]
[SourceTitle "playchess.com"]
[Source "ChessBase"]
[SourceQuality "1"]
[TimeControl "5400+30"]

1. e4 e6 2. d4 d5 3. Nc3 Nf6 4. Bg5 dxe4 5. Nxe4 Be7 6. Nxf6+ Bxf6 7. Bxf6 Qxf6 8. Nf3 O-O 9. Bd3 c5 10. O-O cxd4 11. Nxd4 Rd8 12. Nf3 Na6 13. Qe2 Nc5 14. Rad1 b6 15. c3 Bb7 16. Bc2 Bxf3 17. Qxf3 Qxf3 18. gxf3 Kf8 19. Rfe1 Ke7 20. Kf1 Rac8 21. Ke2 Rxd1 22. Rxd1 Nd7 23. f4 Rc5 24. Kf3 g6 25. Rd3 Nf6 26. Rd4 Rh5 27. Kg3 Rb5 28. Bb3 h6 29. Kf3 Rh5 30. Kg3 Rc5 31. Kf3 Ne8 32. Ra4 a5 33. Rc4 Kd6 34. Rxc5 Kxc5 35. Ke4 Nf6+ 36. Kf3 Kd6 37. Ba4 Nd5 38. Be8 Ke7 39. Bc6 Nf6 40. Bb5 Kd6 41. Ba4 Kd5 42. Bb3+ Kc5 43. Bd1 Nd7 44. Bb3 b5 45. Ke3 Nb6 46. Ke4 Nd7 47. Bd1 Nf6+ 48. Ke5 Nd7+ 49. Ke4 f5+ 50. Ke3 e5 51. Bb3 Kd6 1/2-1/2

[Event "10th Iberoamericano-ch 2024"]
[Site "Linares"]
[Date "2024.09.25"]
[Round "1.39"]
[White "Domingo Nunez, Alejandro"]
[Black "Arroyo Rodriguez, Jesus"]
[Result "1-0"]
[ECO "A09"]
[WhiteElo "2328"]
[BlackElo "2006"]
[Annotator "RC"]
[PlyCount "37"]
[EventDate "2024.09.25"]
[EventType "swiss"]
[EventCountry "ESP"]
[SourceTitle "playchess.com"]
[Source "ChessBase"]
[SourceQuality "1"]
[TimeControl "5400+30"]

1. Nf3 d5 2. c4 c6 3. g3 Nf6 4. Bg2 Bg4 5. O-O Nbd7 6. cxd5 cxd5 7. Nc3 e6 8. Qb3 b6 9. d4 Bd6 10. Nb5 Bb8 11. Qa3 Qe7 12. Qc3 O-O 13. Qc6 a6 14. Qxa8 axb5 15. Qc6 b4 16. Bg5 Rd8 17. Rfc1 h6 18. Bxf6 Qxf6 19. Qb7 1-0

[Event "10th Iberoamericano-ch 2024"]
[Site "Linares"]
[Date "2024.09.25"]
[Round "1.40"]
[White "Lobo Pereira, Arami"]
[Black "Ticona Rocabado, Licael Roderick"]
[Result "0-1"]
[ECO "D31"]
[WhiteElo "2006"]
[BlackElo "2321"]
[Annotator "RC"]
[PlyCount "82"]
[EventDate "2024.09.25"]
[EventType "swiss"]
[EventCountry "ESP"]
[SourceTitle "playchess.com"]
[Source "ChessBase"]
[SourceQuality "1"]
[TimeControl "5400+30"]

1. d4 d5 2. c4 e6 3. Nc3 c6 4. e4 dxe4 5. Nxe4 Bb4+ 6. Bd2 Qxd4 7. Bxb4 Qxe4+ 8. Be2 Na6 9. Bd6 e5 10. Nf3 Be6 11. O-O Rd8 12. Bd3 Qg4 13. h3 Qh5 14. Bxe5 Ne7 15. Qe2 O-O 16. a3 Ng6 17. Bg3 Rfe8 18. Rfe1 Re7 19. Bxg6 Qxg6 20. Rad1 Rxd1 21. Rxd1 Re8 22. b4 f6 23. Qe3 Bxc4 24. Qxa7 Qf7 25. Qd4 Bd5 26. Nd2 Nc7 27. Nf1 Ne6 28. Qd3 f5 29. Be5 Ng5 30. Qd4 Qh5 31. Rd3 Ne6 32. Qe3 g5 33. b5 f4 34. Qd2 Qg6 35. bxc6 Bxc6 36. Bb2 f3 37. g3 Bb5 38. Rxf3 Qb1 39. Qc1 Qxc1 40. Bxc1 Nd4 41. Re3 Ne2+ 0-1